 Dungeon Crawl Stone Soup version 0.28.0-45-g0d030f2227 (webtiles) character file.

Game seed: 2756427762955304764

76 protoss039 the Digger (level 4, -1/24 HPs)
             Began as a Gargoyle Earth Elementalist on Apr 22, 2022.
             Slain by an orc wizard
             ... wielding a +0 dagger
              (3 damage)
             ... on level 2 of the Dungeon.
             The game lasted 00:02:27 (2336 turns).

protoss039 the Digger (Gargoyle Earth Elementalist) Turns: 2336, Time: 00:02:28

Health: -1/24      AC:  6    Str: 12    XL:     4   Next: 32%
Magic:  4/16       EV: 11    Int: 17    God:
Gold:   56         SH:  0    Dex: 10    Spells: 1/7 levels left

rFire   . . .      SeeInvis .   h - +0 short sword
rCold   . . .      Faith    .   (no shield)
rNeg    + . .      Spirit   .   k - +0 leather armour
rPois   ∞          Reflect  .   (no helmet)
rElec   +          Harm     .   (no cloak)
rCorr   .          Rampage  .   (no gloves)
Will    .....                   (no boots)
Stlth   ++........              (no amulet)
HPRegen 0.08/turn               g - ring of wizardry
MPRegen 0.15/turn               l - ring of magical power

@: flying
A: sickness immunity, AC +3, negative energy resistance 1, electricity
resistance, torment resistance 1, petrification resistance
a: no special abilities


You were on level 2 of the Dungeon.
You visited 1 branch of the dungeon, and saw 2 of its levels.

You collected 56 gold pieces.

Inventory:

Hand Weapons
 h - a +0 short sword (weapon)
Missiles
 c - 33 stones
Armour
 b - a +0 robe
 i - a +0 ring mail
 k - a +0 leather armour (worn)
 m - a +0 scale mail
Jewellery
 g - a ring of wizardry (left hand)
 j - a ring of protection from fire
 l - a ring of magical power (right hand)
Scrolls
 d - a scroll of blinking {unknown}
 e - a scroll of vulnerability {unknown}
 f - a scroll of brand weapon {unknown}
Potions
 a - a potion of flight
 n - a potion of degeneration {unknown}


   Skills:
 * Level 2.3 Dodging
 - Level 3.0 Stealth
 + Level 2.3 Spellcasting
 + Level 0.9 Conjurations
 + Level 1.3 Transmutations
 + Level 4.1 Earth Magic


You had one spell level left.
You knew the following spells:

 Your Spells              Type           Power      Damage    Failure   Level
a - Sandblast             Erth           30%        2d9       1%          1
b - Passwall              Tmut/Erth      9%         N/A       4%          2
c - Stone Arrow           Conj/Erth      20%        3d8       11%         3

Your spell library contained the following spells:

 Spells                   Type           Power      Damage    Failure   Level
 Petrify                  Tmut/Erth      11%        N/A       30%         4


Dungeon Overview and Level Annotations

Branches:
Dungeon (2/15)

Altars:
Dithmenos


Innate Abilities, Weirdness & Mutations

You are immune to sickness and miasma.
Your stone body is resilient. (AC +3)
You are immune to poison.
You resist negative energy. (rN+)
You are resistant to electric shocks. (rElec)
You are resistant to unholy torment.
You are immune to petrification.


Message History

The blast of sand hits the orc priest!
You kill the orc priest!
The orc wizard points at you and mumbles some strange words.
The magic dart hits you.
* * * LOW HITPOINT WARNING * * *
Your Earth Magic skill increases to level 4!
You have reached level 4!
You feel stronger.
Unknown command.
Casting: Sandblast (safe; 1% risk of failure)
Confirm with . or Enter, or press ? or * to list all spells.
Aiming: Sandblast (safe; 1% risk of failure)
Press: ? - help, Shift-Dir - straight line, f/p - orc wizard
Aim: an orc wizard, wielding a +0 dagger and wearing a +0 robe (lightly wounded, 74% to hit)
The blast of sand misses the orc.
The blast of sand hits the orc wizard but does no damage.
The orc wizard is lightly wounded.
It was a potion of flight.
You feel very buoyant.
You fly up into the air.
Unknown command.
Unknown command.
Casting: Sandblast (safe; 1% risk of failure)
Confirm with . or Enter, or press ? or * to list all spells.
Aiming: Sandblast (safe; 1% risk of failure)
Press: ? - help, Shift-Dir - straight line, f/p - orc wizard
Aim: an orc wizard, wielding a +0 dagger and wearing a +0 robe (lightly wounded, 74% to hit)
The blast of sand misses the orc wizard.
The blast of sand hits the endoplasm!
You kill the endoplasm!
The orc wizard hits you but does no damage.
Casting: Sandblast (safe; 1% risk of failure)
Confirm with . or Enter, or press ? or * to list all spells.
Aiming: Sandblast (safe; 1% risk of failure)
Press: ? - help, Shift-Dir - straight line, f/p - orc wizard
Aim: an orc wizard, wielding a +0 dagger and wearing a +0 robe (lightly wounded, 74% to hit)
The blast of sand hits the orc wizard.
The orc wizard is moderately wounded.
The orc wizard hits you with a +0 dagger.
You die...

.........##..
......†..####
.........#
>........##### #
.............# ###.
.............# .....
.........._..#
.....l########.......#
....>go@.............##
.<...o#######.........#
..... #.........# ....
#.........# ...
#....[....# ..
#.........# .
#.........# #.........#
#.........#


You could see an iguana, an orc wizard, an orc and a goblin.

Vanquished Creatures
  An orc priest (D:2)
  An adder (D:2)
  A dart slug (D:2)
  An orc (D:2)
  6 ball pythons
  8 bats
  4 endoplasms
  A goblin (D:1)
  3 hobgoblins (D:1)
  A quokka (D:1)
  3 kobolds (D:1)
  A rat (D:1)
31 creatures vanquished.

Notes
Turn   | Place    | Note
-------+----------+-------------------------------------------
     0 | D:1      | protoss039 the Gargoyle Earth Elementalist began the quest
                  | for the Orb.
     0 | D:1      | Reached XP level 1. HP: 10/10 MP: 3/3
   425 | D:1      | Reached skill level 1 in Transmutations
   425 | D:1      | Reached XP level 2. HP: 7/15 MP: 5/5
  1364 | D:1      | Reached XP level 3. HP: 19/19 MP: 6/6
  1864 | D:1      | Learned a level 2 spell: Passwall
  1868 | D:1      | Learned a level 3 spell: Stone Arrow
  2184 | D:2      | Found a faded altar of an unknown god.
  2286 | D:2      | Found a shadowy altar of Dithmenos.
  2333 | D:2      | Reached skill level 4 in Earth Magic
  2333 | D:2      | Reached XP level 4. HP: 2/24 MP: 7/7
  2336 | D:2      | Slain by an orc wizard

Illustrated notes

Levels and vault maps discovered:
D:1:      dpeg_arrival_three_smaller_balls, layout_basic
D:2:      layout_basic, basic_altar, nicolae_ecumenical_lake_church,
          minmay_heptomino_w4, uniq_natasha, uniq_terence

Skill      XL: |  1  2  3 |
---------------+----------+-----
Transmutations | 1 |  1.3
Dodging        | 2 |  2.3
Stealth        | 3 |  3.0
Earth Magic    | 4 |  4.1
Spellcasting   | |  2.3
Conjurations   | |  0.9

Action                   |  1- 3 |  4- 6 || total
-------------------------+-------+-------++-------
Melee: Unarmed           |    10 |       ||    10
       Whip              |     6 |       ||     6
       Short sword       |   102 |       ||   102
 Cast: Sandblast         |    18 |     3 ||    21
       Stone Arrow       |     2 |       ||     2
  Use: Potion            |       |     1 ||     1
 Stab: Sleeping          |     5 |       ||     5
Armor: Robe              |    10 |       ||    10
       Ring mail         |    36 |       ||    36
       Leather armour    |    20 |     1 ||    21
Dodge: Dodged            |   113 |       ||   113
